cohdb
Replays
Latest Replays
All Replays
Popular Replays
Top Player Replays
Match Explorer
How It Works
Community
CoH3 Stats
Reddit
Sign in to upload your games and track your stats! →
Sign in with Steam
Match 40390170
Unlisted
Match 40390170
Overview
Messages
Build Orders
End
Pioneer Squad
Construct Infanterie Kompanie
Selects Terror Battlegroup
Selects Machine Gun Camouflage
MG 42 Machine Gun Team
MG 42 Machine Gun Team
Grenadier Squad
Medical Station
Selects Contempt for the Weak
Infanterie Officer Quarters
Grenadier Squad
Construct Panzergrenadier Kompanie
Pioneer Squad
Selects Propaganda Leaflet Drop
Pak 40 Anti-tank Gun Team
Grenadier Squad
Panzergrenadier Squad
Selects V1 Rocket Strike
Panzergrenadier Officer Quarters
Selects Defend the Fatherland
V1 Rocket Strike
Pak 40 Anti-tank Gun Team
Pak 40 Anti-tank Gun Team
Kettenkrad Recon Vehicle
Panzergrenadier Squad
해물짜장면
Bootyquake
0
0
Comments
sign in to comment!
No comments posted yet!